 Dungeon Crawl Stone Soup version 0.30.1-9-gdf580d7c3d (webtiles) character file.

Game seed: 11284947443466352544

2989 jagang the Slasher (level 10, -4/76 HPs)
             Began as a Human Fighter on Sept 28, 2023.
             Was a Priest of Elyvilon.
             Slain by a two-headed ogre
             ... wielding a +0 giant club
              (16 damage)
             ... on level 8 of the Dungeon.
             The game lasted 00:29:56 (6908 turns).

jagang the Slasher (Human Fighter)                  Turns: 6908, Time: 00:29:57

Health: -4/76      AC: 19    Str: 21    XL:     10   Next: 9%
Magic:  13/13      EV:  7    Int:  8    God:    Elyvilon [***...]
Gold:   349        SH:  6    Dex: 19    Spells: 9/9 levels left

rFire   . . .        a - +0 long sword
rCold   . . .        c - +0 buckler
rNeg    . . .        j - +0 plate armour
rPois   .            (no helmet)
rElec   .            Q - +0 cloak
rCorr   .            h - +0 pair of gloves
SInv    .            (no boots)
Will    .....        O - amulet of regeneration Stlth
                     l - +4 ring of protection
HPRegen 1.12/turn    n - +6 ring of dexterity
MPRegen 0.13/turn

%: no passive effects
@: no status effects
A: no striking features
a: Renounce Religion, Purification, Heal Other, Heal Self


You were on level 8 of the Dungeon.
You worshipped Elyvilon.
Elyvilon was most pleased with you.
You visited 2 branches of the dungeon, and saw 9 of its levels.

You collected 457 gold pieces.
You spent 108 gold pieces at shops.

Inventory:

Hand Weapons
 a - a +0 long sword (weapon)
Missiles
 b - 21 poisoned darts (quivered)
 q - 12 boomerangs
 t - a throwing net
 F - 2 curare-tipped darts
 I - 2 javelins
Armour
 c - a +0 buckler (worn)
 h - a +0 pair of gloves (worn)
 j - a +0 plate armour (worn)
 Q - a +0 cloak (worn)
Jewellery
 l - a +4 ring of protection (left hand)
 n - a +6 ring of dexterity (right hand)
 v - a ring of see invisible
 w - a +6 ring of dexterity
 J - a +6 ring of dexterity
 N - a +6 ring of intelligence
 O - an amulet of regeneration (around neck)
Wands
 z - a wand of flame (21)
 B - a wand of iceblast (22)
 D - a wand of charming (7)
 P - a wand of mindburst (5)
Scrolls
 d - a scroll of brand weapon {unknown}
 e - a scroll of torment {unknown}
 o - 2 scrolls of amnesia {unknown}
 p - a scroll of silence
 r - 5 scrolls of fog {unknown}
 s - a scroll of noise
 y - 2 scrolls of poison
 A - 2 scrolls of immolation {unknown}
 C - a scroll of blinking {unknown}
 E - 3 scrolls of fear {unknown}
 G - a scroll of enchant armour {unknown}
 H - a scroll of teleportation
 K - a scroll of enchant weapon {unknown}
 M - a scroll of magic mapping {unknown}
Potions
 f - 4 potions of flight {unknown}
 g - 2 potions of curing
 i - 2 potions of degeneration {unknown}
 k - 3 potions of heal wounds
 m - a potion of lignification {unknown}
 u - 2 potions of mutation {unknown}
 x - 3 potions of brilliance {unknown}
 L - 2 potions of might


   Skills:
 + Level 5.9 Fighting
 * Level 7.8 Long Blades
 - Level 3.0 Throwing
 + Level 6.1 Armour
 - Level 3.0 Dodging
 + Level 6.0 Shields
 - Level 4.0 Invocations
 + Level 0.4 Evocations


You had 9 spell levels left.
You didn't know any spells.
Your spell library contained the following spells:

 Spells                   Type           Power      Damage    Failure   Level
 Sandblast                Erth           0%         2d4       100%        1
 Passwall                 Tmut/Erth      0%         N/A       100%        2
 Ozocubu's Armour         Ice            0%         N/A       100%        3
 Stone Arrow              Conj/Erth      0%         3d7       100%        3
 Ozocubu's Refrigeration  Ice            0%         4d7       100%        7


Dungeon Overview and Level Annotations

Branches:
Dungeon (8/15)             Temple (1/1) D:4
   Lair: D:8-11

Altars:
Ashenzari
Cheibriados
Dithmenos
Elyvilon
Fedhas
Gozag
Hepliaklqana
Kikubaaqudgha
Makhleb
Nemelex Xobeh
Qazlal
Ru
Sif Muna
Trog
Vehumet
Wu Jian
Xom
Yredelemnul
Zin
Lugonu

Shops:
D:1 [!!(   D:2 *   D:4 =


Message History

There is an entrance to a bailey on this level.
Hurry and find it before the portal closes forever!
There is a stone staircase leading up here.
Found a stone staircase leading down.
You now have 349 gold pieces (gained 6).
You pick up Ozocubu's Autobiography and begin reading...
You add the spells Ozocubu's Armour and Ozocubu's Refrigeration to your library.
There is a stone staircase leading down here.
A two-headed ogre comes into view.
It is wielding a +0 giant club and a +0 giant spiked club.
The two-headed ogre shouts in stereo!
The two-headed ogre barely misses you. You block the two-headed ogre's attack.
You hit the two-headed ogre but do no damage.
You hit the two-headed ogre.
The two-headed ogre is lightly wounded.
The two-headed ogre hits you but does no damage. x2
You slash the two-headed ogre!
The two-headed ogre is moderately wounded.
The two-headed ogre hits you with a +0 giant club!
You block the two-headed ogre's attack.
You barely miss the two-headed ogre.
The two-headed ogre is moderately wounded.
You slash the two-headed ogre!
The two-headed ogre is heavily wounded.
The two-headed ogre hits you with a +0 giant club!!
The two-headed ogre hits you with a +0 giant spiked club!!
You hit the two-headed ogre.
The two-headed ogre is heavily wounded.
The two-headed ogre barely misses you. x2
You slash the two-headed ogre!
The two-headed ogre is severely wounded.
You hit the two-headed ogre.
The two-headed ogre is severely wounded.
You block the two-headed ogre's attack.
The two-headed ogre hits you with a +0 giant spiked club!!
* * * LOW HITPOINT WARNING * * *
You slash the two-headed ogre!
The two-headed ogre is almost dead.
The two-headed ogre hits you with a +0 giant club!!
Elyvilon protects you from harm!
The two-headed ogre hits you with a +0 giant spiked club!
You die...

#.. ##.## #
#...##. #.....
#...#
#############.##
..........>....###
##############...#
###@# #O# #.# #..
##. #. #


You could see a two-headed ogre.

Vanquished Creatures
  Grinder (D:5)
  Sigmund (D:3)
  Eustachio (D:5)
  4 black bears
  An ice beast (D:7)
  An ogre (D:5)
  The ghost of tizbic2 the Insei, an amateur DgTm (D:3)
  3 centaurs
  2 phantoms
  3 kobold brigands
  3 bullfrogs
  3 scorpions
  2 hounds
  2 gnoll boudas
  An orc priest (D:5)
  5 jellies
  2 sleepcaps
  5 iguanas
  Ijyb (D:5)
  An orc wizard (D:4)
  15 gnolls
  7 adders
  A river rat (D:5)
  A white imp (D:7)
  3 worms
  A dart slug (D:4)
  19 orcs
  15 ball pythons
  9 endoplasms
  4 giant cockroaches
  14 goblins
  11 hobgoblins
  4 jackals (D:3)
  4 quokkas
  7 bats
  4 frilled lizards
  29 kobolds
  8 rats
199 creatures vanquished.

Vanquished Creatures (others)
  A worm (D:4)
1 creature vanquished.

Grand Total: 200 creatures vanquished

Notes
Turn   | Place    | Note
-------+----------+-------------------------------------------
     0 | D:1      | jagang the Human Fighter began the quest for the Orb.
     0 | D:1      | Reached XP level 1. HP: 18/18 MP: 1/1
    36 | D:1      | Found Qypeq's Weapon Boutique.
   118 | D:1      | Reached XP level 2. HP: 10/24 MP: 2/2
   245 | D:1      | Found Jokal's Distillery.
   256 | D:1      | Found Bichelopp's Armour Shop.
   345 | D:1      | Reached XP level 3. HP: 26/29 MP: 3/3
   364 | D:1      | Found a faded altar of an unknown god.
   495 | D:1      | Found Dyboeg's Distillery.
   667 | D:2      | Found Biga's Assorted Antiques.
   714 | D:2      | Reached skill level 3 in Long Blades
   714 | D:2      | Reached XP level 4. HP: 12/35 MP: 4/4
   820 | D:2      | Reached skill level 1 in Throwing
  1022 | D:2      | Reached XP level 5. HP: 41/41 MP: 5/5
  1320 | D:1      | Bought a potion of curing for 36 gold pieces
  1454 | D:3      | Found a snail-covered altar of Cheibriados.
  1584 | D:3      | Found a shadowy altar of Dithmenos.
  1721 | D:3      | Noticed Sigmund
  1744 | D:3      | Killed Sigmund
  1745 | D:3      | Reached skill level 4 in Long Blades
  1745 | D:3      | Reached skill level 1 in Dodging
  1745 | D:3      | Reached XP level 6. HP: 40/48 MP: 6/6
  1795 | D:3      | Found a large runed translucent door.
  1796 | D:3      | Found a large runed translucent door.
  1797 | D:3      | Noticed tizbic2's ghost (amateur DgTm)
  1826 | D:3      | Killed tizbic2's ghost
  1827 | D:3      | Reached XP level 7. HP: 40/53 MP: 7/7
  1885 | D:3      | Found a blossoming altar of Fedhas.
  2623 | D:4      | Reached XP level 8. HP: 47/60 MP: 8/8
  2669 | D:4      | Found a staircase to the Ecumenical Temple.
  2701 | D:4      | Reached skill level 5 in Long Blades
  2715 | Temple   | Entered the Ecumenical Temple
  2836 | Temple   | Became a worshipper of Elyvilon the Healer
  3001 | D:4      | Found a burning altar of Makhleb.
  3001 | D:4      | Noticed an Executioner
  3004 | D:4      | Noticed an orange demon
  3004 | D:4      | Noticed a ynoxinul
  3174 | D:4      | Found Suluad's Jewellery Shop.
  3194 | D:4      | Found a shimmering altar of Xom.
  3542 | D:1      | Bought a potion of curing for 36 gold pieces
  3542 | D:1      | Bought a potion of curing for 36 gold pieces
  3621 | D:5      | Entered Level 5 of the Dungeon
  3636 | D:5      | Reached skill level 1 in Invocations
  3674 | D:5      | Found a bloodstained altar of Trog.
  3810 | D:5      | Noticed Grinder
  3833 | D:5      | Paralysed by Grinder for 4 turns
  3838 | D:5      | Killed Grinder
  3839 | D:5      | Reached skill level 6 in Long Blades
  3839 | D:5      | Reached skill level 5 in Shields
  3839 | D:5      | Reached XP level 9. HP: 40/67 MP: 10/10
  3840 | D:5      | Noticed Eustachio
  3864 | D:5      | Reached skill level 5 in Armour
  3878 | D:5      | Killed Eustachio
  3879 | D:5      | Reached skill level 5 in Fighting
  4088 | D:5      | Reached * piety under Elyvilon
  4416 | D:5      | Found an opulent altar of Gozag.
  4773 | D:5      | Noticed Ijyb
  4786 | D:5      | Killed Ijyb
  5195 | D:6      | Found a broken altar of Ashenzari.
  5313 | D:6      | Reached skill level 7 in Long Blades
  5464 | D:6      | Reached ** piety under Elyvilon
  5639 | D:6      | Found a stormy altar of Qazlal.
  5902 | D:6      | Found a shimmering blue altar of Sif Muna.
  5963 | D:6      | Found a sparkling altar of Nemelex Xobeh.
  6332 | D:7      | Found a glowing silver altar of Zin.
  6400 | D:7      | Reached XP level 10. HP: 76/76 MP: 12/12
  6414 | D:7      | Reached *** piety under Elyvilon
  6898 | D:8      | Noticed a two-headed ogre
  6908 | D:8      | Elyvilon protects you from harm!
  6908 | D:8      | Slain by a two-headed ogre

Illustrated notes

Levels and vault maps discovered:
D:1:      roderic_chinese_lattice_arrival, layout_basic,
          chequers_ecumenical_altar_island, serial_shops,
          nicolae_shop_bloodbath_and_beyond, nicolae_shop_tiny_statue_garden,
          shop, nicolae_shop_statue_plus, serial_bayou_pond_c
D:2:      layout_rooms, serial_shops, shop
D:3:      layout_loops_ring, nicolae_overflow_crystal_walls, marbit_many_paths,
          mainiacjoe_overflow_tiny_flanked, ebering_ghost_disaster_area,
          minmay_misc_feat_hallway, uniq_sigmund
D:4:      layout_loops_cross, xom_confusion_cloud, makhleb_altar_promises_db,
          minmay_temple_entry_slanted, serial_shops, shop
D:5:      layout_basic, old_standard_altar, mainiacjoe_overflow_24_doors,
          portal_sewer_entry_b, uniq_grinder, uniq_ijyb, uniq_eustachio
D:6:      kennysheep_kobold_camp, layout_basic,
          nicolae_qazlal_scattered_showers, kennysheep_mini_moat,
          amcnicky_altar_gilded, kennysheep_mini
D:7:      layout_loops_ring, lemuel_tele_altar, serial_rivers,
          chequers_serial_rivers_micro_c, chequers_serial_rivers_small_b,
          chequers_serial_rivers_room_a, chequers_serial_rivers_micro_c,
          chequers_serial_rivers_micro_c
D:8:      layout_basic, general_overflow_altar, enter_bailey_4,
          grunt_decor_mini_mirrors, kennysheep_doodads, uniq_psyche
Temple:   corrupted_temple

Skill      XL: |  1  2  3  4  5  6  7  8  9 10 |
---------------+-------------------------------+-----
Long Blades    | 3 4 6 7 |  7.8
Throwing       | 1 2 3 |  3.0
Dodging        | 1 2 3 |  3.0
Shields        | 4 5 6 |  6.0
Armour         | 4 5 6 |  6.1
Fighting       | 4 5 |  5.9
Invocations    | 2 3 4 |  4.0
Evocations     | |  0.4

Action                     |  1- 3 |  4- 6 |  7- 9 | 10-12 || total
---------------------------+-------+-------+-------+-------++-------
  Melee: Long sword        |    93 |   127 |   493 |    31 ||   744
  Throw: Dart              |       |     2 |    19 |       ||    21
         Boomerang         |       |       |     3 |       ||     3
         Javelin           |       |       |     6 |       ||     6
  Evoke: Wand              |       |       |     1 |       ||     1
    Use: Potion            |       |     2 |     6 |       ||     8
         Scroll            |       |       |     5 |       ||     5
 Armour: Chain mail        |    40 |       |       |       ||    40
         Scale mail        |     3 |       |       |       ||     3
         Plate armour      |    34 |    93 |   278 |    18 ||   423
  Dodge: Dodged            |    35 |    32 |   139 |     8 ||   214
  Block: Buckler           |    26 |    30 |   137 |    11 ||   204
